 Dungeon Crawl Stone Soup version 0.29.1-13-g9f3cf754e1 (webtiles) character file.

Game seed: 7503297393814203735

794 Sanktem7 the Trooper (level 7, 0/66 HPs)
             Began as a Minotaur Fighter on Feb 7, 2023.
             Was a Follower of Okawaru.
             Slain by a gnoll
             ... wielding a +2 halberd of flaming
              (2 damage)
             ... on level 4 of the Dungeon.
             The game lasted 00:07:14 (4210 turns).

Sanktem7 the Trooper (Minotaur Fighter)             Turns: 4210, Time: 00:07:15

Health: 0/66       AC: 12    Str: 23    XL:     7   Next: 58%
Magic:  6/6        EV:  9    Int:  5    God:    Okawaru [*.....]
Gold:   241        SH:  4    Dex:  9    Spells: 6/6 levels left

rFire   . . .      SeeInvis .   a - +0 war axe {axe}
rCold   . . .      Faith    .   c - +0 buckler
rNeg    . . .      Spirit   .   b - +0 scale mail
rPois   .          Reflect  .   (helmet restricted)
rElec   .          Harm     .   q - +0 cloak
rCorr   .          Rampage  .   i - +2 pair of gloves
Will    .....                   (no boots)
Stlth   ..........              (no amulet)
HPRegen 0.21/turn               (no ring)
MPRegen 0.10/turn               (no ring)

@: no status effects
A: horns 2, retaliatory headbutt
a: Renounce Religion, Heroism


You were on level 4 of the Dungeon.
You worshipped Okawaru.
Okawaru was aware of your devotion.
You visited 2 branches of the dungeon, and saw 5 of its levels.

You collected 241 gold pieces.


Innate Abilities, Weirdness & Mutations

You have a pair of horns on your head.
You reflexively headbutt those who attack you in melee.


   Skills:
 * Level 7.4 Fighting
 * Level 6.8 Axes
 + Level 5.8 Armour
 - Level 3.6 Shields


You had 6 spell levels left.
You didn't know any spells.
Your spell library was empty.

Inventory:

Hand Weapons
 a - a +0 war axe (weapon) {axe}
 t - a +1 mace of protection {mace}
   (You found it on level 2 of the Dungeon)
Missiles
 f - 58 stones (quivered) {throwing}
 m - 7 poisoned darts {throwing}
 C - a throwing net {=f!fthrowing}
Armour
 b - a +0 scale mail (worn)
 c - a +0 buckler (worn)
 i - a +2 pair of gloves (worn)
   (You found it on level 1 of the Dungeon)
 q - a +0 cloak (worn)
   (You found it on level 2 of the Dungeon)
Wands
 x - a wand of digging (7)
   (You found it on level 4 of the Dungeon)
 y - a wand of flame (20)
   (You took it off Crazy Yiuf on level 2 of the Dungeon)
Scrolls
 e - 2 scrolls of summoning {unknown}
 g - 2 scrolls of poison {unknown}
 h - a scroll of torment {unknown}
 k - 3 scrolls of magic mapping {unknown}
 p - 5 scrolls of enchant armour {unknown}
 r - a scroll of teleportation {unknown}
 s - 3 scrolls of identify {unknown}
 v - 2 scrolls of fog {unknown}
 w - 2 scrolls of vulnerability {unknown}
 z - a scroll of fear {unknown}
Potions
 d - a potion of might
 j - 3 potions of curing {@q1}
 l - 2 potions of attraction {unknown}
 n - 3 potions of mutation {unknown}
 o - a potion of lignification {unknown}
 u - a potion of brilliance {unknown}
 A - 2 potions of heal wounds {@q2}
 B - a potion of haste {unknown}

Dungeon Overview and Level Annotations

Branches:
Dungeon (4/15) Zot: 19751  Temple (1/1) D:4 Zot: 5963

Altars:
Gozag
Okawaru
Ru
Vehumet
Wu Jian
Xom

########################...#≈~...
.: ....#'###≈~...
########....#.#.≈≈~...
...#........... #.~≈~...
~≈...g.....# #.~≈~...
o~...o.....# #.~~~...
...#..K.g..# #.~≈≈..P
##################g# #.~≈≈...
......'.)..'.).)@K.# #.~≈~...
......#)...#..)).).# #.~≈≈...
...:. #....#.......# #+###~~...
#######)'''#############.. #≈~P..
.......................#.g #≈~...
~~~~)~~....~≈~≈~~~≈~~~≈#####≈~...
≈≈)≈≈≈~....~≈≈≈≈≈≈≈≈≈≈≈≈≈≈≈≈≈≈...
~≈)~)~~....~~~~≈≈~≈~~~≈~~≈~~~~...
....).....)......................


You could see a kobold brigand and a gnoll.


Message History

The gnoll closely misses you.
You hit the gnoll but do no damage. You headbutt the gnoll.
You kill the gnoll!
Okawaru accepts your kill.
Key pressed, stopping explore.
An orc comes into view. It is wielding a +0 whip. 😨 HP[+10]
You regained 10 hp, and now have 32/66 hp.
An orc is nearby!
An orc is nearby!
The orc shouts!
The orc closely misses you.
Items here: ( ))) ††.
You barely miss the orc. The orc hits you with a +0 whip.
* * * LOW HITPOINT WARNING * * *
😨 HP[-1]
You take 1 damage, and now have 31/66 hp.
You barely miss the orc. The orc hits you but does no damage.
You hit the orc.
The orc hits you but does no damage. 😨 HP[+1]
You closely miss the orc. The orc barely misses you.
The orc closely misses you.
You slash the orc!
You kill the orc!
Okawaru accepts your kill.
You now have 241 gold pieces (gained 18).
There is an open door, spattered with blood here.
Things that are here:
a +0 whip {mace}; a +0 leather armour A gnoll is nearby! 😨 HP[+1]
A gnoll is nearby!
A gnoll is nearby!
A gnoll comes into view. It is wielding a +0 spear.
The gnoll shouts!
A kobold brigand comes into view.
It is wielding a +0 dagger and quivering poisoned darts.
An orc comes into view. It is wielding a +0 short sword.
The kobold brigand shouts!
The orc shouts! 😮 HP[+1]
The kobold brigand throws a poisoned dart.
The poisoned dart hits you!
You are poisoned.
An orc comes into view. It is wielding a +0 dagger.
You feel sick. 😨 HP[-2]
You take 2 damage, and now have 32/66 hp.
You feel sick. 😨 HP[-2]
You take 2 damage, and now have 30/66 hp.
You feel sick.
There is an open door, spattered with blood here.
Things that are here:
a +0 whip {mace}; a +0 leather armour; 😨 HP[-1]
You take 1 damage, and now have 29/66 hp.
You feel sick.
C - a throwing net {=f!fthrowing}
Items here: ))) ††.
You feel sick. 😨 HP[-1]
You take 1 damage, and now have 28/66 hp.
The gnoll attacks as you move away! The gnoll hits you but does no damage.
You feel sick. You block the gnoll's attack.
Items here: ))) [[ †. 😨 HP[-1]
You take 1 damage, and now have 27/66 hp.
You feel sick.
Items here: $ ))) ? [ ††. 😨 HP[-1]
You take 1 damage, and now have 26/66 hp.
You feel sick.
You are no longer poisoned.
The gnoll barely misses you. You furiously retaliate!
You headbutt the gnoll!
Items here: ))) [[ ÷. 😨 HP[-1]
You take 1 damage, and now have 25/66 hp.
You hit the gnoll.
You kill the gnoll!
Okawaru accepts your kill. 😨 HP[+1]
You slash the kobold brigand!
The kobold brigand hits you with a +0 dagger.
* * * LOW HITPOINT WARNING * * *
😨 HP[-4]
You take 4 damage, and now have 22/66 hp.
You hit the kobold brigand.
The kobold brigand hits you with a +0 dagger.
* * * LOW HITPOINT WARNING * * *
😨 HP[-4]
You take 4 damage, and now have 18/66 hp.
You hit the kobold brigand but do no damage.
You headbutt the kobold brigand, but do no damage.
You slash the orc!
You kill the orc!
Okawaru accepts your kill.
The kobold brigand hits you with a +0 dagger!
* * * LOW HITPOINT WARNING * * *
The gnoll hits you from afar with a +2 halberd of flaming!
* * * LOW HITPOINT WARNING * * *
The gnoll burns you.
You die...

Skill      XL: |  1  2  3  4  5  6  7 |
---------------+----------------------+-----
Fighting       | 4 6 7 |  7.4
Axes           | 3 5 6 |  6.8
Armour         | 4 5 |  5.8
Shields        | |  3.6

Action                   |  1- 3 |  4- 6 |  7- 9 || total
-------------------------+-------+-------+-------++-------
Melee: War axe           |    43 |   108 |    94 ||   245
       Headbutt          |     6 |    16 |    19 ||    41
Armor: Scale mail        |    19 |    68 |    60 ||   147
Dodge: Dodged            |    18 |    48 |    41 ||   107
Block: Buckler           |     6 |    21 |    15 ||    42

Levels and vault maps discovered:
D:1:      dpeg_arrival_court, layout_rooms,
          hangedman_abyss_or_decor_lesser_grid, minmay_tetromino_i2
D:2:      layout_loops_corners, uniq_jessica, uniq_crazy_yiuf_cottage
D:3:      layout_loops_ring, mainiacjoe_overflow_chevrons,
          nicolae_overflow_hidden_temple, uniq_grinder
D:4:      lemuel_castle_with_subvaults [lemuel_castle_interior_carwin_3],
          layout_loops_ring, minmay_temple_entry_slanted, reono_crystal_passage
Temple:   bh_familiar_temple

Notes
Turn   | Place    | Note
-------+----------+-------------------------------------------
     0 | D:1      | Sanktem7 the Minotaur Fighter began the quest for the Orb.
     0 | D:1      | Reached XP level 1. HP: 19/19 MP: 0/0
     0 | D:1      | magus.rc [v1.9.6]
   137 | D:1      | Reached skill level 4 in Fighting
   137 | D:1      | Reached XP level 2. HP: 23/27 MP: 1/1
   353 | D:1      | Reached skill level 3 in Axes
  1005 | D:2      | Reached skill level 4 in Armour
  1005 | D:2      | Reached XP level 3. HP: 33/33 MP: 2/2
  1416 | D:2      | Noticed Jessica
  1419 | D:2      | Killed Jessica
  1420 | D:2      | Reached XP level 4. HP: 41/41 MP: 3/3
  1765 | D:2      | Found a runed translucent door.
  1766 | D:2      | Noticed Crazy Yiuf
  1776 | D:2      | Killed Crazy Yiuf
  1777 | D:2      | Reached skill level 5 in Fighting
  1777 | D:2      | Reached skill level 4 in Axes
  2092 | D:3      | Found an opulent altar of Gozag.
  2237 | D:3      | Found an ornate altar of the Wu Jian Council.
  2314 | D:3      | Noticed Grinder
  2324 | D:3      | Paralysed by Grinder for 5 turns
  2349 | D:3      | HP: 6/42 [Grinder/nerve-wracking pain (9)]
  2350 | D:3      | Killed Grinder
  2351 | D:3      | Reached skill level 6 in Fighting
  2351 | D:3      | Reached skill level 5 in Axes
  2351 | D:3      | Reached skill level 5 in Armour
  2351 | D:3      | Reached XP level 5. HP: 7/50 MP: 4/4
  2351 | D:3      | Reached XP level 6. HP: 8/57 MP: 5/5
  2845 | D:3      | Found a radiant altar of Vehumet.
  2957 | D:3      | Found a sacrificial altar of Ru.
  3390 | D:4      | Found a staircase to the Ecumenical Temple.
  3399 | Temple   | Entered the Ecumenical Temple
  3429 | Temple   | Became a worshipper of Warmaster Okawaru
  3609 | D:4      | Reached skill level 6 in Axes
  3609 | D:4      | Reached XP level 7. HP: 58/64 MP: 6/6
  3965 | D:4      | Reached skill level 7 in Fighting
  4057 | D:4      | HP: 12/66 [something/magic dart (8)]
  4063 | D:4      | Reached * piety under Okawaru
  4210 | D:4      | HP: 11/66 [kobold brigand/+0 dagger (7)]
  4210 | D:4      | HP: 2/66 [gnoll/+2 halberd of flaming (9)]
  4210 | D:4      | Slain by a gnoll

Vanquished Creatures
  Grinder (D:3)
  A scorpion (D:4)
  2 howler monkeys (D:4)
  A hound (D:4)
  Crazy Yiuf (D:2)
  Jessica (D:2)
  An iguana (D:4)
  3 orc wizards (D:4)
  5 adders
  11 gnolls (D:4)
  A worm (D:2)
  A dart slug (D:1)
  19 orcs (D:4)
  7 endoplasms
  3 giant cockroaches
  8 goblins
  4 hobgoblins
  11 jackals (D:4)
  7 kobolds
  4 quokkas
  5 ball pythons
  5 bats
  A frilled lizard (D:1)
  8 rats
111 creatures vanquished.

Vanquished Creatures (others)
  A fungus (D:2)
  A plant (D:4)
2 creatures vanquished.

Grand Total: 113 creatures vanquished

Table legend:
 A = Non-vault XP
 B = Vault XP
 C = Vault XP percentage of total XP
 D = Non-vault monster count
 E = Vault monster count
 F = Vault count percentage of total count
                 A         B        C        D         E       F
            +---------+---------+-------+---------+---------+-------
      Total |     322 |     816 |  71.7 |      64 |      47 |  42.3
            +---------+---------+-------+---------+---------+-------
        D:1 |      25 |       2 |   7.4 |      14 |       1 |   6.7
        D:2 |      55 |      77 |  58.3 |      17 |       2 |  10.5
        D:3 |      48 |     290 |  85.8 |      15 |       1 |   6.2
        D:4 |     194 |     447 |  69.7 |      18 |      43 |  70.5
            +---------+---------+-------+---------+---------+-------

Illustrated notes

Table legend:
 A = Kills in this place as a percentage of kills in entire the game.
 B = Kills by you in this place as a percentage of kills by you in the entire game.
 C = Kills by friends in this place as a percentage of kills by friends in the entire game.
 D = Other kills in this place as a percentage of other kills in the entire game.
 E = Experience gained in this place as a percentage of experience gained in the entire game.
 F = Experience gained in this place divided by the number of levels of this place that you have seen.
                   A       B       C       D       E      F
               +-------+-------+-------+-------+-------+----------------------
         Total | 100.0 | 100.0 |   N/A |   N/A | 100.0 | 227.6
       Dungeon | 100.0 | 100.0 |   N/A |   N/A | 100.0 | 284.5
               +-------+-------+-------+-------+-------+----------------------

Table legend: (Time is in decaauts)
 A = Elapsed time spent in this place.
 B = Non-inter-level travel time spent in this place.
 C = Inter-level travel time spent in this place.
 D = Time resting spent in this place.
 E = Time spent auto-exploring this place.
 F = Levels seen in this place.
 G = Mean time per level.
                   A        B        C        D        E       F      G
               +--------+--------+--------+--------+--------+-----+--------+
         Total |   4284 |   4086 |    198 |      0 |   3312 |   5 |  856.8 |
       Dungeon |   4247 |   4049 |    198 |      0 |   3294 |   4 | 1061.8 |
        Temple |     36 |     36 |      0 |      0 |     18 |   1 |   36.0 |
               +--------+--------+--------+--------+--------+-----+--------+

Top non-repeatable levels by time:
     D:4: 1205 daAuts
     D:2: 1173 daAuts
     D:3: 1084 daAuts
     D:1: 783 daAuts
  Temple: 36 daAuts
